 Dungeon Crawl Stone Soup version 0.25-a0-425-g0e000e855e (webtiles) character file.

Game seed: 10192404100949300168, levelgen mode: deterministic

63 Fir4s the Gusty (level 3, -1/19 HPs)
             Began as a Deep Elf Air Elementalist on Jan 24, 2020.
             Was an Initiate of Qazlal.
             Slain by a killer bee zombie (6 damage)
             ... on level 2 of the Dungeon.
             The game lasted 00:18:33 (2475 turns).

Fir4s the Gusty (Deep Elf Air Elementalist)         Turns: 2475, Time: 00:18:34

Health: -1/19      AC:  5    Str:  5    XL:     3   Next: 89%
Magic:  8/10       EV: 13    Int: 20    God:    Qazlal [......]
Gold:   64         SH:  0    Dex: 15    Spells: 5/9 levels left

rFire    . . .     SeeInvis .   j - +0 hand axe
rCold    . . .     Gourm    .   (no shield)
rNeg     . . .     Faith    .   a - +0 robe
rPois    .         Spirit   .   (no helmet)
rElec    .         Reflect  .   k - +2 cloak
rCorr    .         Harm     .   (no gloves)
MR       .....                  (no boots)
Stlth    ++........             (no amulet)
HPRegen  0.06/turn              (no ring)
MPRegen  0.12/turn              (no ring)

@: no status effects
A: no striking features
a: Renounce Religion


You were on level 2 of the Dungeon.
You worshipped Qazlal.
Qazlal was noncommittal.
You were not hungry.

You visited 1 branch of the dungeon, and saw 2 of its levels.

You collected 64 gold pieces.

Inventory:

Hand Weapons
 g - a +0 club
 i - a +0 mace
 j - a +0 hand axe (weapon)
Armour
 a - a +0 robe (worn)
 h - a +1 leather armour of fire resistance
 k - a +2 cloak (worn)
Scrolls
 b - a scroll of fear {unknown}
 d - 3 scrolls of identify {unknown}
 e - a scroll of remove curse {unknown}
 f - a scroll of teleportation {unknown}
Potions
 l - a potion of haste {unknown}
Comestibles
 c - 4 rations


   Skills:
 - Level 2.4 Dodging
 - Level 3.0 Stealth
 * Level 3.6 Spellcasting
 + Level 2.0 Conjurations
 * Level 4.0 Air Magic


You had 5 spell levels left.
You knew the following spells:

 Your Spells              Type           Power        Failure   Level  Hunger
a - Shock                 Conj/Air       ###.         3%          1    None
b - Static Discharge      Conj/Air       ###.....     12%         3    ###....

Your spell library contained the following spells:

 Spells                   Type           Power        Failure   Level  Hunger
 Swiftness                Chrm/Air       ##......     9%          2    ##.....
 Airstrike                Air            ###.......   26%         4    ####...
 Lightning Bolt           Conj/Air       ###.......   71%         5    ######.


Dungeon Overview and Level Annotations

Branches:
Dungeon (2/15)

Altars:
Okawaru
Qazlal
Wu Jian


Message History

There is a stone staircase leading down here.
You climb downwards.
The killer bee zombie hits you but does no damage.
The killer bee zombie closely misses you.
There is a stone staircase leading up here.
Casting: Shock (safe; 3% risk of failure)
Confirm with . or Enter, or press ? or * to list all spells.
Aiming: Shock (safe; 3% risk of failure)
Press: ? - help, Shift-Dir - straight line, f - killer bee zombie
Aim: a killer bee zombie (severely damaged)
The zap misses the killer bee zombie.
The killer bee zombie hits you. x2
Casting: Shock (safe; 3% risk of failure)
Confirm with . or Enter, or press ? or * to list all spells.
Aiming: Shock (safe; 3% risk of failure)
Press: ? - help, Shift-Dir - straight line, f/p - killer bee zombie
Aim: a killer bee zombie (severely damaged)
The zap misses the killer bee zombie.
The killer bee zombie hits you!
* * * LOW HITPOINT WARNING * * *
The killer bee zombie hits you.
You die...

#..............######.#
###########...........#
###.....########### ##
###..>............# #..
#............####. #...
#..........#.###
#....##..........#...###
#................###)).###
#........@......)# ###....
#....#..Z........#####.>##
#....##.............##..##
#... #..........##.##..##
#### #........).##..#...#
###..##.####.....#..
##.##.###..#......
.....(....(.####
######.###..###....#


You could see a killer bee zombie.

Vanquished Creatures
  2 adders (D:2)
  3 dart slugs
  A leopard gecko (D:1)
  7 bats
  5 hobgoblins
  4 kobolds
  A quokka (D:2)
  2 frilled lizards
  7 goblins
  7 rats
39 creatures vanquished.

Notes
Turn   | Place    | Note
-------+----------+-------------------------------------------
     0 | D:1      | Fir4s the Deep Elf Air Elementalist began the quest for the
                  | Orb.
     0 | D:1      | Reached XP level 1. HP: 10/10 MP: 6/6
   190 | D:1      | Reached XP level 2. HP: 15/15 MP: 2/8
  1590 | D:2      | Reached XP level 3. HP: 19/19 MP: 5/9
  1753 | D:2      | Found an iron altar of Okawaru.
  1758 | D:2      | Learned a level 3 spell: Static Discharge
  1868 | D:2      | Found a stormy altar of Qazlal.
  1883 | D:2      | Found an ornate altar of the Wu Jian Council.
  1889 | D:2      | Became a worshipper of Qazlal Stormbringer
  2110 | D:2      | Reached skill level 4 in Air Magic
  2475 | D:2      | Slain by a killer bee zombie

Levels and vault maps discovered:
D:1:      nicolae_arrival_washed_ashore, layout_rooms
D:2:      layout_rooms, chequers_temple_overflow_statue_of_worship,
          first_ration, okawaru_trees_2

Skill      XL: |  1  2  3 |
---------------+----------+-----
Stealth        | 3 |  3.0
Conjurations   | 2 |  2.0
Air Magic      | 4 |  4.0
Dodging        | |  2.4
Spellcasting   | |  3.6

Action                   || total
-------------------------++-------
 Cast: Shock             ||    85
       Static Discharge  ||     2
  Eat: Ration            ||     1
       Chunk             ||     1
Armor: Robe              ||    13
Dodge: Dodged            ||    39

Table legend:
 A = Non-vault XP
 B = Vault XP
 C = Vault XP percentage of total XP
 D = Non-vault monster count
 E = Vault monster count
 F = Vault count percentage of total count
                 A         B        C        D         E       F
            +---------+---------+-------+---------+---------+-------
      Total |      91 |       0 |   0.0 |      39 |       0 |   0.0
            +---------+---------+-------+---------+---------+-------
        D:1 |      33 |       0 |   0.0 |      20 |       0 |   0.0
        D:2 |      58 |       0 |   0.0 |      19 |       0 |   0.0
            +---------+---------+-------+---------+---------+-------
